Map: Lightshade LE

Players

DnS

  • Race: Protoss Protoss
  • Spawn Location: 11:00

Lambo - Winner!

  • Race: Zerg Zerg
  • League: Master
  • Spawn Location: 5:00

Event: DreamHack SC2 Masters 2020 Winter

VOD

Have the link to the VOD?

Description

Time

  • Played on: Oct. 23, 2020, 12:27 p.m.
  • Length: 15:12

All games in this series

Show
View Real Time Build Order
Export as new Build Order

DnS Protoss 

Build Orders: 1 Gate Expand, Oracle Opening 

Get SALT Encoding   

  12  0:00  Probe  
  13  0:12  Probe  
  14  0:20  Pylon  
  14  0:24  Probe  
  15  0:38  Probe (Chrono Boost)  
  15  0:42  Gateway  
  16  0:47  Probe (Chrono Boost)  
  17  0:51  Assimilator  
  17  0:52  Probe (Chrono Boost)  
  18  1:04  Probe  
  19  1:16  Probe  
  20  1:26  Nexus  
  20  1:37  Cybernetics Core  
  21  1:40  Probe  
  21  1:47  Assimilator  
  21  1:52  Probe  
  22  1:56  Pylon  
  22  2:04  Probe (Chrono Boost)  
  23  2:11  Adept (Chrono Boost)  
  23  2:14  Warp Gate  
  26  2:16  Probe (Chrono Boost)  
  26  2:22  Probe (Chrono Boost)  
  26  2:29  Stargate  
  27  2:31  Probe (Chrono Boost)  
  27  2:36  Adept  
  30  2:38  Probe (Chrono Boost)  
  32  2:48  Probe x2 (Chrono Boost)  
  33  2:53  Probe (Chrono Boost)  
  33  2:54  Probe  
  35  3:04  Void Ray (Chrono Boost)  
  36  3:05  Probe  
  36  3:06  Probe  
  36  3:10  Gateway  
  37  3:17  Probe  
  42  3:20  Pylon, Probe  
  43  3:29  Probe  
  43  3:33  Probe  
  45  3:40  Oracle  
  48  3:42  Probe  
  48  3:46  Probe  
  50  3:51  Twilight Council  
  50  3:54  Probe  
  51  3:55  Gateway  
  51  3:56  Gateway  
  51  3:57  Gateway  
  51  4:05  Adept  
  51  4:07  Probe  
  51  4:09  Pylon  
  54  4:22  Nexus  
  54  4:25  Resonating Glaives (Chrono Boost)  
  54  4:30  Probe  
  54  4:31  Pylon  
  55  4:32  Adept  
  55  4:33  Adept, Probe  
  60  4:42  Pylon  
  60  4:45  Probe  
  61  4:46  Probe  
  61  4:49  Pylon  
  61  4:50  Pylon  
  62  4:53  Adept x2  
  66  5:00  Adept x2  
  66  5:01  Adept  
  66  5:05  Probe x2  
  74  5:10  Assimilator  
  74  5:11  Assimilator  
  74  5:19  Adept x2  
  78  5:23  Adept x3  
  84  5:29  Probe x2  
  84  5:34  Probe  
  87  5:37  Robotics Facility  
  87  5:40  Adept x2  
  87  5:41  Probe  
  92  5:44  Probe  
  92  5:47  Probe  
  92  5:49  Adept  
  96  5:53  Probe  
  96  5:56  Probe  
  97  5:59  Probe, Sentry  
  100  6:05  Probe, Sentry  
  100  6:08  Probe  
  104  6:12  Probe  
  104  6:16  Blink (Chrono Boost)  
  104  6:17  Probe  
  106  6:21  Probe  
  106  6:24  Probe  
  108  6:30  Probe  
  107  6:33  Probe  
  107  6:34  Forge  
  107  6:36  Probe  
  107  6:37  Pylon  
  107  6:40  Shield Battery  
  107  6:42  Probe  
  107  6:43  Immortal (Chrono Boost)  
  107  6:45  Probe  
  109  6:48  Probe  
  109  6:54  Shield Battery, Probe, Sentry  
  107  6:56  Pylon  
  107  6:57  Probe  
  98  7:04  Shield Battery  
  98  7:06  Pylon  
  92  7:09  Stalker x3  
  92  7:10  Stalker  
  92  7:11  Probe  
  92  7:12  Immortal (Chrono Boost)  
  92  7:13  Assimilator  
  92  7:15  Gateway  
  105  7:16  Assimilator, Gateway, Protoss Ground Weapons Level 1 (Chrono Boost)  
  105  7:24  Robotics Bay  
  105  7:30  Gateway  
  105  7:46  Immortal (Chrono Boost)  
  109  7:51  Stalker x3  
  109  7:52  Stalker x2  
  109  7:55  Pylon  
  109  7:56  Pylon  
  119  7:58  Pylon  
  119  8:05  Pylon  
  119  8:07  Pylon  
  119  8:14  Colossus (Chrono Boost)  
  119  8:15  Stalker x2  
  119  8:16  Stalker x2  
  119  8:17  Pylon  
  133  8:27  Photon Cannon  
  133  8:30  Stalker x4  
  141  8:38  Photon Cannon  
  141  8:39  Photon Cannon  
  141  8:41  Photon Cannon  
  141  8:46  Stalker x2  
  145  8:48  Extended Thermal Lance  
  145  9:06  Colossus (Chrono Boost)  
  145  9:07  Protoss Ground Weapons Level 2 (Chrono Boost)  
  148  9:15  Zealot x4  
  156  9:20  Stalker x3  
  156  9:21  Stalker  
  164  9:28  Pylon  
  164  9:31  Charge (Chrono Boost)  
  164  9:46  Nexus  
  164  9:48  Pylon x2  
  164  9:49  Pylon  
  164  9:53  Zealot x4  
  164  9:58  Colossus (Chrono Boost)  
  178  10:07  Zealot x3  
  184  10:16  Shield Battery  
  184  10:17  Stalker  
  184  10:18  Shield Battery  
  184  10:20  Templar Archives  
  186  10:31  Stalker x3  
  192  10:42  Stalker x3  
  150  10:51  Colossus (Chrono Boost)  
  154  10:57  Sentry  
  154  10:58  Stalker x2, Sentry x2  
  162  11:10  Assimilator  
  162  11:11  Assimilator  
  162  11:17  High Templar x2  
  166  11:18  Zealot  
  166  11:23  Archon  
  166  11:25  Gateway x2  
  168  11:28  Zealot x2  
  168  11:30  Zealot x3  
  177  11:36  Warp Prism (Chrono Boost)  
  177  11:40  High Templar  
  177  11:46  Photon Cannon  
  179  11:48  Photon Cannon  
  179  11:51  High Templar x3  
  179  11:53  Protoss Ground Weapons Level 3 (Chrono Boost)  
  185  11:57  Archon  
  185  12:00  Gateway  
  185  12:01  Gateway  
  185  12:03  Gateway  
  185  12:08  Archon  
  185  12:09  Photon Cannon  
  185  12:11  Photon Cannon  
  185  12:12  Photon Cannon  
  185  12:13  Photon Cannon  
  185  12:18  High Templar  
  185  12:19  High Templar, Zealot x2  
  191  12:23  Archon  
  169  12:33  Zealot x3  
  165  12:45  High Templar  
  165  12:46  High Templar  
  165  12:47  Zealot  
  165  12:50  Archon  
  171  12:51  High Templar x2  
  171  12:55  Zealot x5  
  171  12:58  Archon  
  185  13:10  Colossus (Chrono Boost)  
  191  13:31  Fleet Beacon  
  191  13:36  Stargate  
  191  13:38  Gateway, Zealot  
  191  13:39  Gateway, Zealot x3  
  159  14:00  Immortal (Chrono Boost)  
  99  14:10  Stalker x2  
  99  14:11  Stalker x9  
  135  14:46  Zealot x5  
  135  14:47  Zealot  
  135  14:48  High Templar x2  
  151  14:56  Archon  
  148  15:05  Stalker x3  
Show
View Real Time Build Order
Export as new Build Order

Lambo Zerg - Winner!

Build Orders: Hatch First 

Get SALT Encoding   

  12  0:00  Drone  
  13  0:12  Overlord  
  13  0:17  Drone  
  14  0:31  Drone x2  
  16  0:41  Drone  
  17  0:52  Hatchery  
  17  0:54  Drone  
  17  0:58  Drone  
  18  1:08  Extractor  
  17  1:12  Spawning Pool  
  17  1:16  Drone  
  17  1:19  Drone  
  18  1:28  Drone  
  19  1:40  Drone  
  20  1:54  Overlord  
  20  1:59  Queen  
  22  2:04  Queen  
  22  2:05  Zergling x4  
  26  2:09  Metabolic Boost  
  26  2:11  Drone  
  26  2:15  Drone  
  28  2:21  Drone  
  29  2:28  Drone  
  30  2:33  Drone  
  31  2:37  Drone  
  32  2:44  Queen  
  32  2:46  Overlord  
  34  2:53  Drone  
  34  2:54  Hatchery  
  34  2:57  Zergling x2  
  35  3:00  Drone  
  35  3:04  Overlord  
  36  3:11  Drone  
  37  3:15  Drone x2  
  37  3:17  Drone x2  
  37  3:18  Drone  
  42  3:24  Queen  
  44  3:27  Overlord  
  44  3:33  Queen  
  47  3:34  Drone x2  
  47  3:35  Drone  
  47  3:38  Drone  
  47  3:39  Drone  
  51  3:45  Drone, Overlord  
  52  3:55  Overlord  
  52  4:04  Drone x6  
  52  4:06  Drone, Spore Crawler  
  52  4:08  Queen  
  60  4:16  Drone x2  
  62  4:17  Overlord  
  62  4:19  Drone x2  
  62  4:22  Spore Crawler  
  63  4:24  Overlord  
  63  4:25  Zergling x4  
  65  4:31  Zergling x4  
  65  4:33  Overlord  
  65  4:35  Drone  
  65  4:38  Drone  
  68  4:40  Drone  
  68  4:41  Spore Crawler  
  68  4:42  Drone  
  68  4:43  Lair  
  68  4:45  Roach Warren  
  68  4:50  Drone  
  68  4:51  Drone x3, Extractor  
  68  4:52  Extractor  
  70  4:56  Drone x2  
  70  4:57  Drone x3  
  75  5:00  Drone x2  
  75  5:03  Drone x2  
  79  5:07  Drone  
  79  5:09  Drone  
  81  5:18  Evolution Chamber  
  81  5:19  Extractor  
  81  5:20  Drone x4, Extractor  
  82  5:26  Drone x2  
  82  5:27  Overlord  
  88  5:29  Extractor  
  88  5:32  Roach x5  
  92  5:36  Roach  
  93  5:43  Roach x2, Glial Reconstitution  
  93  5:46  Roach x4  
  105  5:50  Overlord  
  105  5:54  Roach  
  104  6:01  Overlord  
  104  6:02  Overlord  
  104  6:03  Roach x2  
  105  6:08  Roach  
  105  6:10  Roach x4  
  107  6:21  Roach x6  
  107  6:25  Roach x3  
  125  6:32  Roach x2  
  125  6:33  Overlord  
  125  6:35  Roach  
  125  6:45  Drone x6  
  129  6:56  Drone x6  
  133  7:11  Zerg Melee Weapons Level 1  
  133  7:17  Drone, Spore Crawler  
  133  7:18  Drone x2  
  133  7:19  Drone x2  
  133  7:22  Baneling Nest, Hatchery  
  135  7:24  Zergling x4  
  135  7:25  Overseer  
  135  7:29  Overlord  
  137  7:30  Overlord  
  137  7:36  Spire, Overlord  
  136  7:41  Overseer  
  136  7:46  Zergling x2  
  136  7:47  Overlord  
  136  7:48  Overlord  
  137  7:56  Drone  
  137  7:57  Drone x2  
  140  8:01  Queen  
  142  8:08  Zergling x18  
  142  8:09  Zergling x2  
  142  8:10  Centrifical Hooks  
  152  8:21  Drone x5  
  152  8:24  Roach x2  
  152  8:25  Roach x2  
  165  8:33  Overlord x2  
  165  8:34  Overlord  
  165  8:37  Infestation Pit, Roach x5  
  165  8:40  Ravager x2  
  176  8:45  Drone x2, Spore Crawler  
  177  8:50  Evolution Chamber  
  177  8:53  Ravager  
  177  8:54  Zergling x16, Ravager  
  177  8:55  Ravager x3  
  189  9:00  Zergling x10  
  192  9:06  Zerg Missile Weapons Level 1  
  191  9:10  Zergling x14  
  191  9:14  Hive  
  191  9:17  Extractor  
  197  9:18  Pneumatized Carapace  
  197  9:26  Drone x2  
  197  9:27  Hatchery  
  197  9:29  Overlord  
  198  9:35  Zerg Melee Weapons Level 2, Zerg Flyer Weapons Level 1  
  198  9:41  Baneling x18  
  198  9:48  Spine Crawler  
  197  9:54  Zergling x6  
  200  10:02  Baneling  
  200  10:03  Baneling x15  
  199  10:34  Zergling x16  
  197  10:37  Zergling x2  
  197  10:38  Zergling x22  
  197  10:40  Zergling x18  
  197  10:41  Zergling x6  
  190  10:43  Roach  
  190  10:44  Roach x6  
  190  10:48  Zergling x2  
  190  10:50  Adrenal Glands  
  190  10:54  Zergling x2  
  190  10:55  Zergling x18  
  193  11:00  Viper x2  
  199  11:07  Baneling x14  
  189  11:40  Zerg Ground Armor Level 1  
  189  11:43  Zergling x2  
  189  11:44  Ultralisk Cavern, Zergling x10  
  198  11:49  Baneling x6  
  198  11:50  Baneling x2  
  198  11:54  Drone x2  
  198  11:58  Drone x5  
  200  12:03  Spine Crawler  
  200  12:04  Spine Crawler  
  198  12:09  Baneling x11  
  197  12:21  Zergling x10  
  200  12:25  Zergling x36  
  188  12:31  Roach x5  
  190  12:37  Ravager  
  190  12:39  Ravager  
  190  12:40  Ravager  
  192  12:44  Zergling x14  
  192  12:46  Baneling x30  
  199  12:55  Chitinous Plating  
  198  13:09  Extractor  
  198  13:11  Spore Crawler  
  196  13:19  Hatchery, Zergling x14  
  197  13:26  Zergling x8  
  197  13:40  Overlord  
  197  13:44  Baneling x9, Overlord  
  197  13:45  Overlord  
  180  13:56  Zergling x14  
  180  14:01  Zergling x36  
  190  14:05  Zergling x2  
  179  14:13  Anabolic Synthesis  
  179  14:15  Zergling x20  
  189  14:18  Ravager  
  186  14:24  Zergling x12  
  186  14:29  Baneling x28  
  188  14:31  Corruptor  
  188  14:35  Baneling x10  
  188  14:36  Zergling x2  
  188  14:37  Zergling x14  
  198  14:42  Drone x2  
  200  14:49  Baneling x5  
  200  14:50  Baneling x9  
  200  14:51  Overlord  
Tags
 
Add a new tag
Caveats
  • Supply blocks, unpowered buildings, or Contaminate may cause inaccurate times.
  • Supply counts are checked every 10 seconds.